 Dungeon Crawl Stone Soup version 0.30-a0-779-g7971cf19c3 (webtiles) character file.

Game seed: 4212014856819060216

6521 domi the Destroyer (level 10, -17/63 HPs)
             Began as a Demonspawn Conjurer on Feb 17, 2023.
             Was an Initiate of Gozag.
             Demolished by a two-headed ogre
             ... wielding a +0 giant spiked club
              (22 damage)
             ... on level 8 of the Dungeon.
             The game lasted 00:26:58 (13564 turns).

domi the Destroyer (Demonspawn Conjurer)           Turns: 13564, Time: 00:26:58

Health: -17/63     AC: 14    Str:  8    XL:     10   Next: 69%
Magic:  1/13       EV: 11    Int: 24    God:    Gozag
Gold:   974        SH:  9    Dex: 18    Spells: 4/13 levels left

rFire   . . .      SeeInvis .    n - +3 club (spect)
rCold   . . .      Faith    .    u - +0 buckler
rNeg    + . .      Spirit   .    H - +2 leather armour "Ettasm" {Dex+3}
rPois   .          Reflect  .    (helmet restricted)
rElec   .          Harm     .    s - +0 cloak
rCorr   .          Rampage  .    (no gloves)
Will    .....                    (no boots)
Stlth   ++++                     J - amulet of regeneration {+regen, !d}
HPRegen 1.10/turn                k - +4 ring of protection
MPRegen 0.13/turn                j - ring of positive energy {rN+}

@: studying Axes
A: antennae 1, thin skeletal structure 2, icemail 1, condensation shield
a: Renounce Religion, Potion Petition, Call Merchant, Bribe Branch


You were on level 8 of the Dungeon.
You worshipped Gozag.
Gozag was pleased with you.
You visited 2 branches of the dungeon, and saw 10 of its levels.

You collected 1099 gold pieces.
You paid 125 gold pieces to Gozag.

Inventory:

Hand Weapons
 n - a +3 spectral club (weapon)
   (You took it off Jessica on level 2 of the Dungeon)
 q - the +2 whip of Koquew {freeze, rF+ SInv}
   (You found it on level 5 of the Dungeon)

   rF:        It protects you from fire.
   SInv:      It lets you see invisible.
 C - a +4 flail of protection
   (You took it off Edmund on level 4 of the Dungeon)
 N - the +6 shillelagh "Devastator" {shatter}
   (You found it on level 9 of the Dungeon)
Missiles
 x - 2 javelins (quivered)
Armour
 a - a +0 robe
 s - a +0 cloak (worn)
   (You found it on level 4 of the Dungeon)
 u - a +0 buckler (worn)
   (You found it on level 4 of the Dungeon)
 F - a +0 helmet
   (You found it on level 5 of the Dungeon)
 H - the +2 leather armour "Ettasm" (worn) {Dex+3}
   (You found it on level 7 of the Dungeon)

   Dex:       It affects your dexterity (+3).
Magical Staves
 p - a staff of conjuration {!a}
   (You found it on level 3 of the Dungeon)
Jewellery
 j - a ring of positive energy (right hand) {rN+}
   (You found it on level 5 of the Dungeon)
 k - a +4 ring of protection (left hand)
   (You found it on level 2 of the Dungeon)
 m - an amulet of the acrobat
   (You found it on level 5 of the Dungeon)
 J - an amulet of regeneration (around neck) {+regen, !d}
   (You found it on level 8 of the Dungeon)
Wands
 z - a wand of mindburst (9)
   (You found it on level 4 of the Dungeon)
 B - a wand of roots (3)
   (You took it off Edmund on level 4 of the Dungeon)
 K - a wand of flame (13)
   (You took it off Joseph on level 8 of the Dungeon)
Scrolls
 c - 4 scrolls of magic mapping {!r}
 l - 5 scrolls of teleportation {@r4}
 o - 2 scrolls of enchant weapon
 t - a scroll of vulnerability {unknown}
 v - a scroll of poison {!r}
 y - 4 scrolls of identify {@r1}
 G - a scroll of fog
 I - a scroll of fear
 L - a scroll of acquirement {unknown}
 M - 3 scrolls of enchant armour {unknown}
 O - 2 scrolls of blinking
Potions
 b - 3 potions of magic
 d - 5 potions of curing {@q1}
 e - 3 potions of haste {unknown}
 f - 3 potions of mutation {unknown}
 g - 2 potions of heal wounds {unknown}
 h - a potion of brilliance {unknown}
 i - 2 potions of attraction {!q}
 r - 5 potions of flight
 w - 4 potions of might {unknown}
 A - 3 potions of lignification {unknown}
 D - a potion of cancellation {unknown}
 E - 3 potions of degeneration {unknown}


   Skills:
 - Level 1.7 Dodging
 - Level 1.7 Stealth
 - Level 4.0 Shields
 - Level 2.0 Spellcasting
 + Level 14.9 Conjurations
 - Level 5.0 Translocations


You had 4 spell levels left.
You knew the following spells:

 Your Spells              Type           Power      Damage    Failure   Level
b - Blink                 Tloc           52%        N/A       4%          2
c - Iskenderun's Mystic   Conj/Tloc      50%        2d11      3%          4
x - Searing Ray           Conj           100%       2d8       1%          2
z - Magic Dart            Conj           100%       1d8       1%          1

Your spell library contained the following spells:

 Spells                   Type           Power      Damage    Failure   Level
 Dazzling Flash           Conj/Hex       76%        N/A       3%          3
 Fulminant Prism          Conj/Hex       19%        3d10      11%         4
 Beastly Appendage        Tmut           4%         N/A       22%         1
 Manifold Assault         Tloc           26%        N/A       28%         4
 Wereblood                Tmut           2%         N/A       34%         2
 Spider Form              Tmut/Pois      2%         N/A       56%         3
 Storm Form               Tmut/Air       1%         N/A       100%        7


Dungeon Overview and Level Annotations

Branches:
Dungeon (9/15)             Temple (1/1) D:4            Lair (0/5) D:9
    Orc: D:9-12

Altars:
Cheibriados
Dithmenos
Gozag
Hepliaklqana
Makhleb
Nemelex Xobeh
Okawaru
Qazlal
Ru
Sif Muna
Trog
Uskayaw
Vehumet
Wu Jian
Xom
Yredelemnul

Shops:
D:1 (   D:3 (

Annotations:
D:4 exclusion: ogre


Innate Abilities, Weirdness & Mutations

You have a pair of small antennae on your head.
You have a moderately thin skeletal structure. (Dex +4, Stealth++)
A meltable icy envelope protects you from harm. (AC +4)
A meltable shield of frost defends you. (SH +4)


Message History

Roots grab the two-headed ogre.
The grasping roots constrict the two-headed ogre.
The two-headed ogre escapes!
The two-headed ogre attacks as you move away!
The two-headed ogre hits you with a +0 giant spiked club!
* * * LOW HITPOINT WARNING * * *
You block the two-headed ogre's attack.
You take 10 damage, and have 16/63 hp.
Okay, then.
The two-headed ogre attacks as you move away!
The two-headed ogre barely misses you.
The two-headed ogre hits you with a +0 giant club!
* * * LOW HITPOINT WARNING * * *
You take 9 damage, and have 9/63 hp.
You regained 2 hp, and now have 11/63 hp.
Aim: a two-headed ogre, wielding a +0 giant spiked club and a +0 giant club (severely wounded)
Okay, then.
Unknown command.
The two-headed ogre shouts in stereo!
You regained 2 hp, and now have 22/63 hp.
The gargoyle attacks as you move away! The gargoyle hits you with a +0 mace!
* * * LOW HITPOINT WARNING * * *
You take 9 damage, and have 13/63 hp.
The two-headed ogre closely misses you. You block the two-headed ogre's attack.
The gargoyle attacks as you move away! The gargoyle barely misses you.
The gargoyle hurls a stone arrow at you.
You block the stone arrow.
The gargoyle hurls a stone arrow at you.
The stone arrow misses you.
You see here a +0 shortbow.
You regained 2 hp, and now have 23/63 hp.
There is a stone staircase leading up here.
The two-headed ogre barely misses you.
The two-headed ogre completely misses you.
You climb upwards.
There is a stone staircase leading down here.
You regained 2 hp, and now have 26/63 hp.
You blink.
You now have 2/13 mp.
You regained 2 hp, and now have 29/63 hp.
You feel stable enough to blink again.
Aim: a two-headed ogre, wielding a +0 giant spiked club and a +0 giant club The roots erupt in riotous growth!
Roots grab the two-headed ogre.
The grasping roots constrict the two-headed ogre.
The two-headed ogre struggles to escape constriction.
Aim: a two-headed ogre, wielding a +0 giant spiked club and a +0 giant club (lightly wounded, constricted by roots, 100% to hit)
The searing ray hits the two-headed ogre! (Press . to maintain the ray.)
The grasping roots constrict the two-headed ogre!
The roots release their grip on the two-headed ogre.
You now have 2/13 mp.
The searing ray hits the two-headed ogre!
The two-headed ogre hits you with a +0 giant spiked club!
The two-headed ogre hits you with a +0 giant club.
You take 16 damage, and have 22/63 hp.
MASSIVE DAMAGE!!
You now have 1/13 mp.
Aim: a two-headed ogre, wielding a +0 giant spiked club and a +0 giant club (heavily wounded)
The roots erupt in riotous growth!
Roots grab the two-headed ogre.
The grasping roots constrict the two-headed ogre.
The two-headed ogre escapes!
A two-headed ogre is nearby!
Unknown command.
A two-headed ogre is nearby!
Unknown command.
Aim: a two-headed ogre, wielding a +0 giant spiked club and a +0 giant club (heavily wounded, chance to affect: 47%)
The two-headed ogre resists with some effort.
You block the two-headed ogre's attack.
The two-headed ogre hits you with a +0 giant club!
* * * LOW HITPOINT WARNING * * *
You take 15 damage, and have 11/63 hp.
MASSIVE DAMAGE!!
You blink.
The two-headed ogre hits you with a +0 giant spiked club.
* * * LOW HITPOINT WARNING * * *
You block the two-headed ogre's attack.
You take 5 damage, and have 7/63 hp.
You now have 0/13 mp.
Aim: a two-headed ogre, wielding a +0 giant spiked club and a +0 giant club (heavily wounded)
The roots erupt in riotous growth!
Roots grab the two-headed ogre.
The grasping roots constrict the two-headed ogre.
The two-headed ogre struggles to escape constriction.
You feel stable enough to blink again.
The grasping roots constrict the two-headed ogre.
The roots release their grip on the two-headed ogre.
You regained 2 hp, and now have 11/63 hp.
There is an open door here.
The two-headed ogre attacks as you move away!
The two-headed ogre closely misses you.
The two-headed ogre hits you with a +0 giant club!
* * * LOW HITPOINT WARNING * * *
You see here a +0 quarterstaff.
You take 14 damage, and have 5/63 hp.
MASSIVE DAMAGE!!
The two-headed ogre attacks as you move away!
The two-headed ogre hits you with a +0 giant spiked club!!
You die...
Your body crumbles into a pile of gold.

#.# ##.......##.# # #.#
#.########.# ## ###.# #.# #.# .#
##.#.# ##+## #.# .#######.#..#
##...## #.#### .#......###.#
##.....## #....#
.#.#####.#.####.......## ##.#.#
.#.####....###.........####....#
.........#...'.O@......+.......#
.#.###..###.##.........####....#
.#.# #.#.#.####.......## ##.#.#
.#.###.##..# ##.....## ###.#
##.........# ##...## #.#
#####.##### ##+## #.# #.# #.#
#.# #.######## #.# ##.#
#........# ##.## #..#


You could see a two-headed ogre.

Vanquished Creatures
  A two-headed ogre (D:9)
  Joseph (D:8)
  A rime drake (D:9)
  9 yaks
  A steam dragon (D:8)
  Edmund (D:4)
  Menkaure (D:7)
  2 water moccasins
  A sky beast (D:7)
  8 ice beasts
  2 black bears
  3 centaurs
  4 wolves
  A phantom (D:5)
  3 bullfrogs
  A kobold brigand (D:4)
  3 necrophages
  A gnoll sergeant (D:5)
  5 scorpions
  10 killer bees
  A howler monkey (D:9)
  2 hounds
  4 iguanas
  Jessica (D:2)
  Natasha (thrice) (D:3)
  2 orc wizards (D:7)
  11 gnolls
  5 adders
  A shadow imp (D:7)
  4 white imps
  2 ufetubi
  3 worms
  3 dart slugs
  15 orcs
  9 endoplasms
  8 giant cockroaches
  7 goblins
  7 hobgoblins
  2 jackals
  4 quokkas
  8 ball pythons
  8 bats
  6 frilled lizards
  13 kobolds
  4 rats
192 creatures vanquished.

Vanquished Creatures (others)
  An orc (D:8)
1 creature vanquished.

Grand Total: 193 creatures vanquished

Notes
Turn   | Place    | Note
-------+----------+-------------------------------------------
     0 | D:1      | domi the Demonspawn Conjurer began the quest for the Orb.
     0 | D:1      | Reached XP level 1. HP: 13/13 MP: 3/3
   155 | D:1      | Found Ruloegin's Weapon Shop.
   241 | D:1      | Gained mutation: A meltable shield of frost defends you.
                  | (SH +4) [demonic ancestry]
   241 | D:1      | Reached XP level 2. HP: 17/19 MP: 1/5
   398 | D:1      | Learned a level 2 spell: Searing Ray
   900 | D:2      | Noticed Jessica
   934 | D:2      | Reached skill level 5 in Conjurations
   963 | D:2      | Gained mutation: You have a somewhat thin skeletal
                  | structure. (Dex +2, Stealth+) [demonic ancestry]
   963 | D:2      | Reached XP level 3. HP: 24/24 MP: 3/6
  1438 | D:2      | Found a faded altar of an unknown god.
  1442 | D:2      | Gained mutation: You have a moderately thin skeletal
                  | structure. (Dex +4, Stealth++) [demonic ancestry]
  1442 | D:2      | Reached XP level 4. HP: 30/30 MP: 4/7
  1516 | D:2      | Killed Jessica
  1692 | D:2      | Reached skill level 6 in Conjurations
  2028 | D:3      | Found Nix Hous's Antique Weapon Shoppe.
  2341 | D:3      | Noticed Natasha
  2360 | D:3      | Killed Natasha
  2361 | D:3      | Reached XP level 5. HP: 35/35 MP: 1/8
  2478 | D:3      | Reached skill level 7 in Conjurations
  2544 | D:3      | Learned a level 2 spell: Blink
  2701 | D:3      | Noticed Natasha
  2708 | D:3      | Killed Natasha
  2914 | D:3      | Noticed Natasha
  2920 | D:3      | Killed Natasha
  2921 | D:3      | Gained mutation: A meltable icy envelope protects you from
                  | harm. (AC +4) [demonic ancestry]
  2921 | D:3      | Reached XP level 6. HP: 36/41 MP: 2/9
  3686 | D:4      | Reached skill level 8 in Conjurations
  3925 | D:4      | Found a staircase to the Ecumenical Temple.
  3941 | Temple   | Entered the Ecumenical Temple
  3985 | D:4      | Noticed Edmund
  4048 | D:4      | Reached XP level 7. HP: 17/46 MP: 3/10
  4202 | D:4      | Reached skill level 9 in Conjurations
  4460 | D:4      | Learned a level 4 spell: Iskenderun's Mystic Blast
  4888 | D:4      | Reached skill level 1 in Translocations
  5041 | D:4      | Killed Edmund
  5042 | D:4      | Reached skill level 2 in Translocations
  5158 | D:5      | Entered Level 5 of the Dungeon
  5307 | D:5      | Reached XP level 8. HP: 52/52 MP: 5/11
  5582 | D:5      | Reached skill level 1 in Shields
  5582 | D:5      | Reached skill level 3 in Translocations
  6023 | D:5      | Reached skill level 10 in Conjurations
  6087 | D:5      | Reached skill level 2 in Shields
  6224 | D:5      | HP: 11/52 [gnoll/+0 flail[a gnoll sergeant] (7)]
  6783 | D:5      | Identified the +2 whip of Koquew {freeze, rF+ SInv}
  7106 | D:6      | Reached skill level 4 in Translocations
  7264 | D:6      | Found a snail-covered altar of Cheibriados.
  7271 | D:6      | Found a burning altar of Makhleb.
  7357 | D:6      | Reached skill level 3 in Shields
  7875 | D:6      | Found a stormy altar of Qazlal.
  7880 | D:6      | Found an opulent altar of Gozag.
  7891 | D:6      | Found a hazy altar of Hepliaklqana.
  7891 | D:6      | Found an ornate altar of the Wu Jian Council.
  7902 | D:6      | Found a shimmering altar of Xom.
  7936 | D:6      | Gained mutation: You have a pair of small antennae on your
                  | head. [demonic ancestry]
  7936 | D:6      | Reached XP level 9. HP: 57/57 MP: 5/12
  8162 | D:6      | Became a worshipper of Gozag Ym Sagoz the Greedy
  9115 | D:7      | Reached skill level 5 in Translocations
  9171 | D:7      | Reached skill level 4 in Shields
  9314 | D:7      | Reached skill level 11 in Conjurations
  9457 | D:7      | Noticed Menkaure
  9462 | D:7      | Killed Menkaure
  9582 | D:7      | Identified the +2 leather armour "Ettasm" {Dex+3}
  9823 | D:8      | Noticed Joseph
 10451 | D:8      | HP: 8/57 [Joseph/+0 quarterstaff (15)]
 10454 | D:8      | Killed Joseph
 10455 | D:8      | Reached skill level 12 in Conjurations
 10906 | D:8      | Reached skill level 13 in Conjurations
 10906 | D:8      | Reached XP level 10. HP: 20/63 MP: 2/13
 11112 | D:8      | HP: 12/63 [steam dragon/ball of steam (19)]
 11472 | D:9      | Noticed a two-headed ogre
 11827 | D:9      | Noticed a two-headed ogre
 11829 | D:9      | Noticed a gargoyle
 12042 | D:9      | Noticed a two-headed ogre
 12471 | D:9      | Reached skill level 14 in Conjurations
 12613 | D:9      | Found a staircase to the Lair.
 13113 | D:9      | Found the +6 shillelagh "Devastator" {shatter}
 13360 | D:9      | Killed a two-headed ogre
 13505 | D:9      | HP: 15/63 [two-headed ogre/+0 giant spiked club (11)]
 13520 | D:9      | HP: 12/63 [gargoyle/+0 mace (10)]
 13549 | D:8      | HP: 11/63 [two-headed ogre/+0 giant spiked club (16)]
 13563 | D:8      | HP: 4/63 [two-headed ogre/+0 giant spiked club (15)]
 13564 | D:8      | Demolished by a two-headed ogre

Illustrated notes

Levels and vault maps discovered:
D:1:      dpeg_arrival_round_b, layout_rooms, serial_shops, nicolae_shop_stone,
          chequers_mini_garden, hex_intersection
D:2:      layout_loops_cross, shapermc_ecumenical_altar_starsandcircs,
          uniq_jessica
D:3:      layout_basic, serial_shops, nicolae_shop_hallway_plus, uniq_natasha
D:4:      minmay_thinvault, layout_gridville,
          minmay_temple_entry_drinking_statues, minmay_manual_moon, uniq_edmund
D:5:      layout_cave_pods
D:6:      layout_gridville, minmay_overflow_temple_star_hex,
          mainiacjoe_overflow_24_doors, overflow_temple_1_default,
          mainiacjoe_overflow_alcove_1, serial_bayou_ford_a
D:7:      layout_gridville, uniq_menkaure
D:8:      layout_loops_corners, nrook_loot_triangle, uniq_joseph
D:9:      layout_long_grid, hellmonk_lair_entry_icy,
          dilly_guarded_unrand_devastator
Temple:   hellmonk_temple_of_storms

Skill      XL: |  1  2  3  4  5  6  7  8  9 10 |
---------------+-------------------------------+-----
Conjurations   | 5 6 7 8 9 10 13 14 | 14.9
Translocations | 2 4 5 |  5.0
Shields        | 3 4 |  4.0
Dodging        | |  1.7
Stealth        | |  1.7
Spellcasting   | |  2.0

Action                     |  1- 3 |  4- 6 |  7- 9 | 10-12 || total
---------------------------+-------+-------+-------+-------++-------
  Melee: Unarmed           |    10 |       |       |       ||    10
         Club              |       |     4 |    32 |    62 ||    98
  Throw: Javelin           |       |       |     3 |       ||     3
   Cast: Magic Dart        |    56 |   126 |   163 |    60 ||   405
         Searing Ray       |     3 |     2 |    32 |    22 ||    59
         Iskenderun's Myst |       |       |     7 |    12 ||    19
         Blink             |       |       |       |     2 ||     2
  Evoke: Wand              |       |       |    10 |     8 ||    18
    Use: Scroll            |       |       |    11 |       ||    11
         Potion            |       |       |     3 |       ||     3
 Armour: Robe              |     2 |    12 |    26 |       ||    40
         Leather armour    |       |       |    14 |    58 ||    72
  Dodge: Dodged            |    19 |    31 |    55 |    57 ||   162
  Block: Other             |     5 |     8 |     9 |       ||    22
         Buckler           |       |       |    23 |    74 ||    97

Table legend: (Time is in decaauts)
 A = Elapsed time spent in this place.
 B = Non-inter-level travel time spent in this place.
 C = Inter-level travel time spent in this place.
 D = Time resting spent in this place.
 E = Time spent auto-exploring this place.
 F = Levels seen in this place.
 G = Mean time per level.
                   A        B        C        D        E       F      G
               +--------+--------+--------+--------+--------+-----+--------+
         Total |  13615 |  12885 |    730 |   3061 |   8146 |  10 | 1361.5 |
       Dungeon |  13491 |  12767 |    724 |   2980 |   8122 |   9 | 1499.0 |
        Temple |    124 |    118 |      6 |     81 |     24 |   1 |  124.0 |
               +--------+--------+--------+--------+--------+-----+--------+

Top non-repeatable levels by time:
     D:8: 2290 daAuts
     D:4: 1868 daAuts
     D:5: 1776 daAuts
     D:7: 1629 daAuts
     D:9: 1406 daAuts
     D:6: 1308 daAuts
     D:3: 1169 daAuts
     D:2: 1074 daAuts
     D:1: 967 daAuts
  Temple: 124 daAuts

Table legend:
 A = Kills in this place as a percentage of kills in entire the game.
 B = Kills by you in this place as a percentage of kills by you in the entire game.
 C = Kills by friends in this place as a percentage of kills by friends in the entire game.
 D = Other kills in this place as a percentage of other kills in the entire game.
 E = Experience gained in this place as a percentage of experience gained in the entire game.
 F = Experience gained in this place divided by the number of levels of this place that you have seen.
                   A       B       C       D       E      F
               +-------+-------+-------+-------+-------+----------------------
         Total | 100.0 | 100.0 |   N/A | 100.0 | 100.0 | 931.6
       Dungeon | 100.0 | 100.0 |   N/A | 100.0 | 100.0 | 1035.1
               +-------+-------+-------+-------+-------+----------------------
